 Dungeon Crawl Stone Soup version 0.26.1-11-gd32895ea62 (webtiles) character file.

Game seed: 15831151210207680875

323 Zeld the Changer (level 6, -3/41 HPs)
             Began as an Octopode Transmuter on May 27, 2021.
             Slain by an orc priest
             ... wielding a +0 dagger
              (5 damage)
             ... on level 4 of the Dungeon.
             The game lasted 00:04:00 (4350 turns).

Zeld the Changer (Octopode Transmuter)              Turns: 4350, Time: 00:04:01

Health: -3/41      AC:  1    Str: 11    XL:     6   Next: 47%
Magic:  11/11      EV: 14    Int: 15    God:
Gold:   126        SH:  0    Dex: 13    Spells: 2/12 levels left

rFire    . . .     SeeInvis .     - Unarmed
rCold    . . .     Faith    .   (no shield)
rNeg     . . .     Spirit   .   (helmet currently unavailable)
rPois    .         Reflect  .   (no amulet)
rElec    .         Harm     .   (no ring)
rCorr    .         Rampage  .   (no ring)
Will     .....                  (no ring)
Stlth    ++........             (no ring)
HPRegen  0.13/turn              (no ring)
MPRegen  0.12/turn              (no ring)
                                (no ring)
                                (no ring)

@: appendages (expiring)
A: almost no armour, stealthy swim, amphibious, 8 rings, constrict 8, tentacle
spike 3, camouflage 1, gelatinous body 1
a: End Transformation


You were on level 4 of the Dungeon.
One of your tentacles had a temporary spike.
You visited 1 branch of the dungeon, and saw 4 of its levels.

You collected 126 gold pieces.

Inventory:

Wands
 j - a wand of digging (7)
 n - a wand of enslavement (6)
Scrolls
 a - 3 scrolls of identify
 g - 4 scrolls of teleportation
 k - a scroll of enchant weapon
Potions
 b - 2 potions of curing {unknown}
 c - a potion of might {unknown}
 d - a potion of heal wounds {unknown}
 e - a potion of lignification {unknown}
 f - a potion of brilliance {unknown}
 h - 3 potions of mutation {unknown}
 i - a potion of haste {unknown}
 m - a potion of flight {unknown}


   Skills:
 + Level 2.7 Fighting
 + Level 3.2 Dodging
 - Level 3.0 Unarmed Combat
 * Level 3.7 Spellcasting
 * Level 4.1 Transmutations


You had 2 spell levels left.
You knew the following spells:

 Your Spells              Type           Power        Failure   Level
a - Beastly Appendage     Tmut           30%          3%          1
b - Wereblood             Tmut           15%          5%          2
c - Spider Form           Tmut/Pois      4%           24%         3
d - Ice Form              Ice/Tmut       9%           61%         4

Your spell library contained the following spells:

 Spells                   Type           Power        Failure   Level
 Blade Hands              Tmut           7%           67%         5


Dungeon Overview and Level Annotations

Branches:
Dungeon (4/15)
 Temple: D:4-7

Altars:


Innate Abilities, Weirdness & Mutations

You cannot wear most types of armour.
You are very stealthy in the water. (Stealth+)
You are amphibious.
You can wear up to eight rings at the same time.
You can use your tentacles to constrict eight enemies at once.
Your skin changes colour to match your surroundings (Stealth+).
Your rubbery body absorbs attacks. (AC +1, EV +1)
One of your tentacles bears a large vicious spike.


Message History

A frilled lizard comes into view.
The orc priest shouts!
The orc wizard points at you and mumbles some strange words.
The magic dart hits you!
* * * LOW HITPOINT WARNING * * *
The adder hisses angrily.
The frilled lizard hisses angrily.
Your transformation is almost over.
You tentacle-slap the frilled lizard.
You kill the frilled lizard!
You tentacle-slap the orc priest. Your grab misses the orc priest.
The orc priest is lightly wounded.
The orc priest hits you with a +0 dagger.
* * * LOW HITPOINT WARNING * * *
You barely miss the orc priest. You grab the orc priest.
You pierce the orc priest.
The orc priest is moderately wounded.
You constrict the orc priest. The adder bites you.
* * * LOW HITPOINT WARNING * * *
The orc priest hits you with a +0 dagger.
You die...

..# ......#..#..#.##.
.#.#. ..#..#..#!.#.##.
#.......#.............
#.o#o.#.......$.##.###
#...o......#.##.......
#o..#.##.........### #
#......##.#.####
#.#.###o##.##.#.##
#..oo@S.##.......#
###.######...)...# #
#..)....# #...)!..#
#...)...# #.†.....#
#.......# #########


You could see an orc priest, an orc wizard, an adder and an orc.

Vanquished Creatures
  A howler monkey (D:3)
  2 orc priests
  2 orc wizards (D:3)
  A worker ant (D:4)
  7 adders
  3 oozes
  2 dart slugs
  2 leopard geckos
  11 orcs
  A ball python (D:2)
  A bat (D:2)
  5 goblins
  8 hobgoblins
  3 jackals (D:3)
  2 quokkas (D:2)
  3 frilled lizards
  9 kobolds
  8 rats
71 creatures vanquished.

Notes
Turn   | Place    | Note
-------+----------+-------------------------------------------
     0 | D:1      | Zeld the Octopode Transmuter began the quest for the Orb.
     0 | D:1      | Reached XP level 1. HP: 13/13 MP: 3/3
   567 | D:1      | Reached XP level 2. HP: 11/18 MP: 3/5
   696 | D:1      | Learned a level 2 spell: Wereblood
  1363 | D:2      | Reached XP level 3. HP: 23/23 MP: 4/6
  1367 | D:2      | Learned a level 3 spell: Spider Form
  1623 | D:2      | Reached XP level 4. HP: 23/29 MP: 6/8
  1993 | D:2      | Reached skill level 3 in Transmutations
  2066 | D:2      | HP: 1/29 [poisoned by an adder]
  2657 | D:2      | Reached XP level 5. HP: 21/34 MP: 9/9
  2662 | D:2      | Learned a level 4 spell: Ice Form
  3363 | D:3      | Found a faded altar of an unknown god.
  3922 | D:3      | Reached XP level 6. HP: 37/41 MP: 8/11
  4314 | D:4      | Reached skill level 4 in Transmutations
  4350 | D:4      | HP: 2/41 [adder (2)]
  4350 | D:4      | Slain by an orc priest

Illustrated notes

Levels and vault maps discovered:
D:1:      kilobyte_arrival_exit_the_forest, layout_basic
D:2:      layout_basic, minmay_hexomino_p4
D:3:      layout_basic, chequers_ecumenical_altar_simple
D:4:      layout_loops_cross, portal_sewer_entry_f, uniq_sigmund

Skill      XL: |  1  2  3  4  5  6 |
---------------+-------------------+-----
Transmutations | 3 4 |  4.1
Spellcasting   | 3 |  3.7
Fighting       | 2 |  2.7
Dodging        | 3 |  3.2
Unarmed Combat | |  3.0

Action                   |  1- 3 |  4- 6 || total
-------------------------+-------+-------++-------
Melee: Unarmed           |    51 |   118 ||   169
       Constrict         |    17 |    32 ||    49
       Tentacles         |    10 |    19 ||    29
       Kick              |     6 |    19 ||    25
       Punch             |     1 |     1 ||     2
 Cast: Beastly Appendage |    20 |    25 ||    45
       Spider Form       |       |     1 ||     1
       Wereblood         |       |     1 ||     1
  Use: Scroll            |       |     6 ||     6
 Stab: Sleeping          |     4 |     4 ||     8
Armor: Skin              |     1 |     8 ||     9
Dodge: Dodged            |    24 |    57 ||    81
